 Dungeon Crawl Stone Soup version 0.29-a0-284-gf9362112df (webtiles) character file.

Game seed: 6003467074458742984

87882 Ajdolov the Spry (level 15, -9/85 HPs)
             Began as a Spriggan Hunter on Mar 15, 2022.
             Was the Champion of Dithmenos.
             Killed by the raging water
             ... invoked by a water nymph
              (31 damage)
             ... on level 2 of the Shoals.
             The game lasted 01:12:38 (30321 turns).

Ajdolov the Spry (Spriggan Hunter)                 Turns: 30321, Time: 01:12:39

Health: -9/85      AC:  8    Str:  7    XL:     15   Next: 44%
Magic:  16/16      EV: 41    Int: 11    God:    Dithmenos [******]
Gold:   3816       SH:  0    Dex: 26    Spells: 14/14 levels left

rFire   + . .      SeeInvis +   a - +1 hunting sling (vorpal)
rCold   + . .      Faith    .   (no shield)
rNeg    . . .      Spirit   .   I - +0 steam dragon scales
rPois   +          Reflect  .   (helmet restricted)
rElec   .          Harm     .   f - +2 cloak {rC+}
rCorr   .          Rampage  .   (gloves unavailable)
Will    ++...                   (boots unavailable)
Stlth   +++++.....              C - amulet of regeneration
HPRegen 1.04/turn               x - ring of poison resistance
MPRegen 0.15/turn               L - ring of protection from fire

@: about to teleport, wreathed by umbra, slow
A: very small, no large weapons, unfitting armour, see invisible, speed 3
a: Renounce Religion, Shadow Step, Shadow Form


You were on level 2 of the Shoals.
You worshipped Dithmenos.
Dithmenos was exalted by your worship.
You visited 5 branches of the dungeon, and saw 24 of its levels.
You also visited: Ice Cave and Volcano.

You collected 3816 gold pieces.

Inventory:

Hand Weapons
 a - a +1 vorpal hunting sling (weapon)
Missiles
 D - a throwing net
Armour
 f - a +2 cloak of cold resistance (worn)
 I - +0 steam dragon scales (worn)
Jewellery
 x - a ring of poison resistance (left hand)
 C - an amulet of regeneration (around neck)
 L - a ring of protection from fire (right hand)
 P - a ring of resist corrosion
Wands
 m - a wand of digging (11)
 w - a wand of polymorph (30)
 E - a wand of iceblast (2)
 F - a wand of flame (11)
 H - a wand of paralysis (4)
 J - a wand of charming (1)
 Q - a wand of mindburst (1)
Scrolls
 b - 2 scrolls of silence
 c - 7 scrolls of immolation
 h - 11 scrolls of teleportation
 i - 5 scrolls of enchant weapon
 k - 3 scrolls of fog
 o - 6 scrolls of amnesia
 p - 5 scrolls of blinking
 u - 7 scrolls of noise
 y - 4 scrolls of vulnerability
 z - 2 scrolls of torment
 A - 3 scrolls of summoning
 B - 4 scrolls of fear
 N - a scroll of brand weapon
Potions
 d - 5 potions of lignification
 e - 9 potions of curing
 g - 3 potions of flight
 j - 4 potions of berserk rage
 l - 5 potions of degeneration
 n - 6 potions of heal wounds
 q - 2 potions of magic {unknown}
 r - 8 potions of might
 s - a potion of invisibility {unknown}
 t - 4 potions of haste
 v - 2 potions of cancellation
 G - 2 potions of resistance
 K - a potion of mutation
 O - a potion of brilliance {unknown}
 R - 7 potions of ambrosia
Miscellaneous
 M - a phantom mirror


   Skills:
 + Level 12.5 Fighting
 - Level 16.0 Slings
 - Level 20.0 Dodging
 - Level 10.0 Stealth
 - Level 15.0 Evocations


You had 14 spell levels left.
You didn't know any spells.
Your spell library contained the following spells:

 Spells                   Type           Power      Damage    Failure   Level
 Apportation              Tloc           0%         N/A       34%         1
 Pain                     Necr           0%         1d4       34%         1
 Shock                    Conj/Air       0%         1d3       34%         1
 Ensorcelled Hibernation  Hex/Ice        0%         N/A       47%         2
 Static Discharge         Conj/Air       0%         N/A       47%         2
 Sublimation of Blood     Necr           0%         N/A       47%         2
 Wereblood                Tmut           0%         N/A       47%         2
 Conjure Flame            Conj/Fire      0%         6-21      71%         3
 Dazzling Flash           Conj/Hex       0%         N/A       71%         3
 Ignite Poison            Fire/Tmut/Pois 0%         N/A       71%         3
 Ozocubu's Armour         Ice            0%         N/A       71%         3
 Spider Form              Tmut/Pois      0%         N/A       71%         3
 Stone Arrow              Conj/Erth      0%         3d7       71%         3
 Swiftness                Air            0%         N/A       71%         3
 Airstrike                Air            0%         N/A       98%         4
 Anguish                  Hex/Necr       0%         N/A       98%         4
 Dispel Undead            Necr           0%         3d6       98%         4
 Fulminant Prism          Conj/Hex       0%         3d6       98%         4
 Iskenderun's Mystic Bla  Conj/Tloc      0%         2d3       98%         4
 Passage of Golubria      Tloc           0%         N/A       98%         4
 Sticky Flame             Conj/Fire      0%         2d3       98%         4
 Agony                    Necr           0%         N/A       100%        5
 Alistair's Intoxication  Tmut/Pois      0%         N/A       100%        5
 Excruciating Wounds      Necr           0%         N/A       100%        5
 Silence                  Hex/Air        0%         N/A       100%        5
 Summon Forest            Summ/Tloc      0%         N/A       100%        5
 Summon Mana Viper        Hex/Summ       0%         N/A       100%        5
 Iron Shot                Conj/Erth      0%         9d1       100%        6
 Summon Cactus Giant      Summ           0%         N/A       100%        6
 Ozocubu's Refrigeration  Ice            0%         4d5       100%        7
 Summon Hydra             Summ           0%         N/A       100%        7
 Lehudib's Crystal Spear  Conj/Erth      0%         10d2      100%        8


Dungeon Overview and Level Annotations

Branches:
Dungeon (13/15)            Temple (0/1) D:4            Lair (6/6) D:10
 Shoals (2/4) Lair:2       Spider (1/4) Lair:4        Slime (0/5) Lair:6
    Orc (2/2) D:11            Elf (0/3) Orc:2         IceCv (visited)
Volcano (visited)
 Vaults: D:13-14

Altars:
Ashenzari
Dithmenos
Kikubaaqudgha
Ru
Trog
Uskayaw
Vehumet
Xom
Beogh

Shops:
D:7 (   D:10 =   Orc:2 ::[(

Annotations:
D:6 2 transporters
D:10 Snorg, Urug
Orc:2 Saint Roka


Innate Abilities, Weirdness & Mutations

You are very small and have problems with some larger weapons.
You are too small for most types of armour.
You have supernaturally acute eyesight. (SInv)
You cover ground extremely quickly. (Speed+++)


Message History

The sling bullet hits the harpy zombie but does no damage.
The harpy zombie is severely damaged.
The harpy zombie closely misses you.
The harpy zombie completely misses you. x2
The harpy zombie closely misses you.
The harpy zombie completely misses you. x2
The harpy zombie claws you!
* * * LOW HITPOINT WARNING * * *
The harpy zombie misses you. The merfolk completely misses you.
The harpy zombie completely misses you.
The harpy zombie claws you but does no damage.
Unknown command.
The harpy zombie attacks as you move away!
The harpy zombie completely misses you. x2; The harpy zombie misses you.
The harpy zombie completely misses you. x3
The harpy zombie completely misses you. The harpy zombie closely misses you.
The water nymph flows with the water.
The harpy zombie attacks as you move away!
The harpy zombie completely misses you. x2; The harpy zombie claws you.
* * * LOW HITPOINT WARNING * * *
The harpy zombie closely misses you.
The harpy zombie attacks as you move away!
The harpy zombie completely misses you. The harpy zombie claws you.
* * * LOW HITPOINT WARNING * * *
Splash!
You fall into the shallow water.
Moving in this stuff is going to be slow.
The harpy zombie completely misses you. x2
The harpy zombie completely misses you. x4
Splash!
You fall into the shallow water.
Moving in this stuff is going to be slow.
The harpy zombie closely misses you. The harpy zombie claws you.
* * * LOW HITPOINT WARNING * * *
The harpy zombie completely misses you. x2
As you read the scroll of teleportation, it crumbles to dust.
You feel strangely unstable. The harpy zombie closely misses you.
The harpy zombie claws you but does no damage.
The harpy zombie completely misses you. x8
The water nymph points at you and mumbles some strange words.
The water swirls and strikes you!!
You die...

#≈≈≈≈≈≈≈≈≈≈..≈.....####.§
#≈≈≈≈≈≈≈≈≈≈.≈≈..##....§..
#≈≈≈≈≈≈≈≈≈≈≈≈≈..#.....§§.
#≈≈≈≈≈≈≈≈≈≈≈≈≈≈≈≈.....§§§
#≈≈≈≈≈≈.......≈≈...##.§≈§
#≈≈≈≈≈≈..###......###≈≈§.
#≈≈≈≈≈≈.## ####..##..≈...
#≈≈≈≈≈≈..### #..#.≈....#
#≈≈≈≈≈≈.@Z.## ##..≈≈...##
#≈≈≈≈≈≈mZZ..###..≈.......
#≈≈≈≈≈≈≈≈≈..##..≈≈≈......
#≈≈≈≈≈≈≈≈≈..# #≈≈≈≈......
#≈≈≈≈≈≈≈≈≈.## #..≈≈≈.##..
#≈≈≈≈≈≈≈≈.§§######.≈.§...
#≈≈≈≈≈≈≈≈.§§Z§§m§.§§§≈...
≈≈≈≈≈≈≈≈≈§§§§§§§≈§§§§.P.
≈≈≈≈≈≈≈§§§§§Z§§m§§§§.##


You could see a water nymph, a manticore zombie and 3 harpy zombies.

Vanquished Creatures
  Rupert (Lair:3)
  A quicksilver ooze (Lair:6)
  2 merfolk impalers
  A fire dragon (Lair:6)
  8 hydras
  A catoblepas (Lair:5)
  A boulder beetle (Lair:4)
  2 centaur warriors
  5 two-headed ogres
  5 death yaks (Lair:2)
  2 orc high priests (Orc:2)
  3 sea snakes
  A salamander mystic (Volcano)
  A swamp dragon (Lair:6)
  3 orc knights
  Pikel (D:8)
  A lindwurm (Lair:6)
  3 orc sorcerers
  2 ugly things
  A wolf spider (Lair:5)
  6 salamanders (Volcano)
  4 cyclopes
  4 oklob plants (Lair:6)
  2 merfolk sirens
  14 elephants
  3 fauns (Shoals:1)
  A manticore (Shoals:1)
  7 water nymphs
  15 black mambas
  A guardian serpent (Lair:6)
  16 cane toads
  Maggie (Lair:2)
  An unseen horror (D:11)
  5 rime drakes
  12 komodo dragons
  2 trolls
  9 merfolk
  A queen bee (Lair:5)
  4 polar bears
  3 meliai (Lair:5)
  2 hornets
  A wind drake (Shoals:1)
  4 slime creatures (Lair:6)
  7 blink frogs
  A snapping turtle (Shoals:2)
  Sigmund (D:4)
  2 shadows
  A culicivora (Lair:4)
  3 wraiths
  11 wyverns
  63 yaks
  Grum (D:8)
  A redback (Lair:5)
  5 steam dragons
  2 vampire mosquitoes (D:12)
  2 wargs
  An acid dragon (D:10)
  16 water moccasins
  37 orc warriors
  A swamp drake (Lair:6)
  3 ice beasts
  2 sky beasts (D:7)
  3 black bears
  4 ogres
  7 centaurs
  12 wolves
  3 lemures (D:8)
  2 phantoms
  3 kobold brigands
  14 bullfrogs
  A scorpion (D:6)
  4 necrophages
  A wyvern zombie (D:9)
  10 wights
  An elephant simulacrum (IceCv)
  30 killer bees
  An electric eel (Lair:3)
  10 howler monkeys
  4 centaur zombies (D:9)
  A hound (D:5)
  5 jellies
  A human zombie (D:9)
  30 orc priests
  2 gnoll shamans
  5 iguanas
  34 orc wizards
  A polar bear simulacrum (IceCv)
  A mummy (D:9)
  A howler monkey zombie (D:9)
  Robin (D:4)
  10 gnolls
  7 adders
  A white imp (D:8)
  4 ufetubi
  A worm (D:5)
  6 dart slugs
  95 orcs
  4 ball pythons
  9 endoplasms
  6 giant cockroaches
  10 goblins
  11 hobgoblins
  16 kobolds
  5 quokkas
  3 training dummies (D:7)
  6 bats
  2 frilled lizards
  10 rats
721 creatures vanquished.

Vanquished Creatures (collateral kills)
  An orc warrior (Orc:2)
1 creature vanquished.

Vanquished Creatures (others)
  A water moccasin (Lair:4)
  52 fungi
  143 plants
196 creatures vanquished.

Grand Total: 918 creatures vanquished

Notes
Turn   | Place    | Note
-------+----------+-------------------------------------------
     0 | D:1      | Ajdolov the Spriggan Hunter began the quest for the Orb.
     0 | D:1      | Reached XP level 1. HP: 10/10 MP: 2/2
     9 | D:1      | Reached skill level 5 in Slings
    95 | D:1      | Reached XP level 2. HP: 12/14 MP: 3/3
   444 | D:1      | Reached XP level 3. HP: 18/18 MP: 4/4
  1165 | D:2      | Reached XP level 4. HP: 22/22 MP: 5/5
  1206 | D:2      | Found a shimmering altar of Xom.
  1799 | D:3      | Found a faded altar of an unknown god.
  1886 | D:3      | Found a shadowy altar of Dithmenos.
  1946 | D:3      | Became a worshipper of Dithmenos the Shadowed
  2081 | D:3      | Reached XP level 5. HP: 24/25 MP: 6/6
  2799 | D:4      | Noticed Robin
  2805 | D:4      | Killed Robin
  2814 | D:4      | Noticed Sigmund
  3267 | D:4      | Found a staircase to the Ecumenical Temple.
  3440 | D:4      | Reached * piety under Dithmenos
  3683 | D:4      | Reached XP level 6. HP: 30/30 MP: 7/7
  3705 | D:4      | Found a bloodstained altar of Trog.
  4655 | D:4      | Found the +5 scythe "Finisher" {speed, eviscerate}
  4773 | D:4      | Reached skill level 10 in Slings
  4855 | D:4      | Reached XP level 7. HP: 33/33 MP: 8/8
  5047 | D:4      | Killed Sigmund
  5303 | D:5      | Entered Level 5 of the Dungeon
  5831 | D:5      | Identified the +1 robe of Lifelessness {rPois}
  5912 | D:5      | Identified the +3 pair of boots of Xenac {rPois Str+7 Int-2
                  | Dex+2}
  6267 | D:6      | Reached XP level 8. HP: 25/37 MP: 9/9
  7108 | D:6      | Reached ** piety under Dithmenos
  7209 | D:6      | Found a transporter.
  7226 | D:6      | Found a broken altar of Ashenzari.
  7290 | D:6      | Found a transporter.
  8548 | D:7      | Reached XP level 9. HP: 33/41 MP: 10/10
  8772 | D:7      | Reached skill level 15 in Slings
  8832 | D:7      | Found a radiant altar of Vehumet.
  8945 | D:7      | Identified the ring of Divine Compulsion {rC+ rN+ Str+6
                  | Dex-5}
  9258 | D:7      | Reached skill level 3 in Dodging
  9272 | D:7      | Reached *** piety under Dithmenos
  9282 | D:7      | Found Qiahiset's Firing Range.
  9787 | D:8      | Reached skill level 4 in Dodging
  9835 | D:8      | Reached skill level 5 in Stealth
  9853 | D:8      | Reached skill level 5 in Dodging
  9932 | D:8      | Noticed a two-headed ogre
  9934 | D:8      | Noticed Grum
  9950 | D:8      | Reached skill level 6 in Dodging
 10003 | D:8      | Killed Grum
 10004 | D:8      | Reached XP level 10. HP: 15/46 MP: 11/11
 10692 | D:8      | Killed a two-headed ogre
 10693 | D:8      | Reached skill level 7 in Dodging
 10767 | D:8      | Noticed a two-headed ogre
 10832 | D:8      | Killed a two-headed ogre
 10833 | D:8      | Reached skill level 8 in Dodging
 10987 | D:8      | Noticed Pikel
 11040 | D:8      | Killed Pikel
 11041 | D:8      | Reached skill level 9 in Dodging
 11041 | D:8      | Reached skill level 10 in Stealth
 11257 | D:9      | Noticed a two-headed ogre
 11286 | D:9      | Killed a two-headed ogre
 11287 | D:9      | Reached skill level 10 in Dodging
 11846 | D:9      | Reached XP level 11. HP: 54/54 MP: 12/12
 11881 | D:9      | Found a hide-covered altar of Uskayaw.
 11968 | D:9      | Reached **** piety under Dithmenos
 12109 | D:9      | Found a shimmering altar of Xom.
 12444 | D:9      | Found an ancient bone altar of Kikubaaqudgha.
 12503 | D:9      | Reached skill level 5 in Fighting
 12579 | D:10     | Entered Level 10 of the Dungeon
 12589 | D:10     | Noticed Snorg
 12589 | D:10     | Noticed Urug
 12617 | D:10     | Reached skill level 1 in Evocations
 12910 | D:10     | Found Jiczoyc's Jewellery Shoppe.
 13032 | D:10     | Reached skill level 5 in Evocations
 13375 | D:10     | Found a staircase to the Lair.
 13432 | D:10     | Found a sacrificial altar of Ru.
 14003 | D:11     | Reached ***** piety under Dithmenos
 14093 | D:11     | Noticed a two-headed ogre
 14101 | D:11     | Killed a two-headed ogre
 14101 | D:11     | Noticed a seven-headed hydra
 14102 | D:11     | Reached skill level 10 in Evocations
 14138 | D:11     | Killed a seven-headed hydra
 14831 | D:11     | Reached XP level 12. HP: 52/63 MP: 13/13
 15040 | D:11     | Found a staircase to the Orcish Mines.
 15309 | D:12     | Noticed a six-headed hydra
 15330 | D:12     | Killed a six-headed hydra
 15913 | D:13     | Noticed an eight-headed hydra
 15975 | Lair:1   | Entered Level 1 of the Lair of Beasts
 16151 | Lair:1   | Found a frozen archway.
 16239 | IceCv    | Entered an ice cave
 16250 | IceCv    | Found a transporter.
 16264 | IceCv    | Found a transporter.
 16725 | Lair:1   | Found a dark tunnel.
 16984 | Volcano  | Entered a volcano
 17028 | Volcano  | Found a bloodstained altar of Trog.
 17150 | Volcano  | Reached skill level 10 in Fighting
 17531 | Lair:1   | Reached skill level 11 in Dodging
 17614 | Lair:2   | Noticed Maggie
 17634 | Lair:2   | Noticed a death yak
 17658 | Lair:2   | Killed Maggie
 17670 | Lair:2   | Noticed a death yak
 17684 | Lair:2   | Noticed a death yak
 17737 | Lair:2   | Killed a death yak
 17738 | Lair:2   | Reached skill level 12 in Dodging
 18015 | Lair:2   | Noticed a death yak
 18018 | Lair:2   | Noticed a death yak
 18196 | Lair:2   | Killed a death yak
 18230 | Lair:2   | Found a staircase to the Shoals.
 18768 | Lair:3   | Reached skill level 13 in Dodging
 18768 | Lair:3   | Reached XP level 13. HP: 72/72 MP: 14/14
 18834 | Lair:3   | Noticed Rupert
 19284 | Lair:3   | Reached skill level 14 in Dodging
 19484 | Lair:3   | Killed Rupert
 19645 | Lair:3   | Reached skill level 15 in Dodging
 20409 | Lair:4   | You fall into a shaft and drop 1 floor!
 20664 | Lair:4   | Found a hole to the Spider Nest.
 21224 | Lair:5   | Reached skill level 16 in Dodging
 21266 | Lair:5   | Reached ****** piety under Dithmenos
 21427 | Spider:1 | Entered Level 1 of the Spider Nest
 21672 | Lair:5   | Got the Grimoire of Battle Magic and Translocation
 21865 | Lair:5   | Identified a scroll of acquirement
 21865 | Lair:5   | Acquired 1256 gold pieces
 21948 | Lair:5   | Reached skill level 17 in Dodging
 22664 | Lair:6   | Entered Level 6 of the Lair of Beasts
 22843 | Lair:5   | Reached XP level 14. HP: 50/77 MP: 15/15
 23318 | Lair:5   | Reached skill level 18 in Dodging
 24158 | Lair:6   | Reached skill level 19 in Dodging
 24974 | Lair:6   | Found a staircase to the Slime Pits.
 25370 | Lair:6   | Reached skill level 20 in Dodging
 25535 | Lair:6   | Noticed a quicksilver ooze
 25663 | Lair:6   | Killed a quicksilver ooze
 25894 | Lair:6   | Reached skill level 15 in Evocations
 26580 | Orc:1    | Entered Level 1 of the Orcish Mines
 27346 | Orc:2    | Entered Level 2 of the Orcish Mines
 27688 | Orc:2    | Found a staircase to the Elven Halls.
 27749 | Orc:2    | Reached XP level 15. HP: 62/81 MP: 16/16
 27808 | Orc:2    | Found Uqoruga's Book Shop.
 28272 | Orc:2    | Found Kunwothu's Book Emporium.
 28573 | Orc:2    | Noticed Saint Roka
 28829 | Orc:2    | Found Qotet's Antique Armour Shoppe.
 28833 | Orc:2    | Found Xynaenee's Antique Weapon Emporium.
 29183 | Shoals:1 | Entered Level 1 of the Shoals
 30321 | Shoals:2 | Killed from afar by a water nymph

Illustrated notes

Levels and vault maps discovered:
D:1:      dpeg_arrival_prison, layout_loops_ring
D:2:      layout_rooms, basic_altar, dreamdust_wishing_well
D:3:      layout_loops_ring, grunt_dithmenos_smoke_and_mirrors,
          ebering_ecumenical_altar_hall, minmay_parallelograms, minmay_distorted
D:4:      minmay_clustersquares, layout_basic, amcnicky_altar_gilded,
          minmay_temple_entry_gardened_gates, uniq_sigmund, uniq_robin
D:5:      layout_loops_ring, dreamdust_gnoll_farm
D:6:      gammafunk_steamed_eel, layout_basic, cheibrodos_ashenzari_chains
D:7:      layout_basic, mainiacjoe_overflow_boulevard, nicolae_shop_firing_range
D:8:      layout_gridville, chequers_ossuary_entry_cave, uniq_pikel, uniq_grum
D:9:      layout_basic, pf_just_have_faith,
          lemuel_mausoleum_altar_kikubaaqudgha,
          nicolae_uskayaw_murder_on_the_dancefloor
D:10:     layout_irregular_city, kennysheep_little_box, lair_entry_dummy,
          serial_shops, kennysheep_mini_moat, uniq_snorg, uniq_urug
D:11:     layout_cave_pods, david_orc_4
D:12:     layout_roguey, serial_glass, glass_columns_b, glass_columns_a,
          item_on_display_a, roderic_serpentine_path, hangedman_decor_slide_cut
D:13:     layout_basic, okawaru_gym_becter
Lair:1:   layout_gridlike, lightli_volcano_entry_magma_tube,
          portal_ice_cave_entry_pillars_2
Lair:2:   layout_regular_city, elwin_shoals_entry_rocks,
          eino_small_chamber_without_monster, grunt_megastairs_3, uniq_maggie
Lair:3:   layout_roguey, serial_rivers, chequers_serial_rivers_large_b,
          chequers_serial_rivers_marsh, chequers_serial_rivers_room_b,
          chequers_serial_rivers_micro_e, fungi_pond_lemuel,
          infiniplex_staircase_pool, uniq_rupert
Lair:4:   layout_cave_pods, spider_nest_entry_rubble,
          eino_small_chamber_without_monster, st_stairs_10
Lair:5:   layout_roguey [special_room_bee], grunt_megastairs_4,
          serial_bayou_shore_a
Lair:6:   guppyfry_lair_end_dragon, layout_loops_ring,
          hangedman_lair_tendril_chambers, minmay_slime_entry_oklob_open,
          st_stairs_6, serial_bayou_pond_b, nicolae_lair_time_for_slime
Shoals:1: layout_shoals, st_cyclops
Shoals:2: layout_shoals, serial_shops, nicolae_shop_trees,
          nicolae_shoals_undead_eyrie
Spider:1: layout_spider_delve, nicolae_spider_bug_shape
Orc:1:    layout_caves
Orc:2:    grunt_orc_community_town_hall, layout_diamond_mine,
          grunt_orc_community_big_house_1, grunt_orc_community_big_house_2,
          grunt_orc_community_house_2, grunt_orc_community_house_1,
          grunt_orc_community_house_3, grunt_orc_community_house_3

Skill      XL: |  1  2  3  4  5  6  7  8  9 10 11 12 13 14 15 |
---------------+----------------------------------------------+-----
Slings         | 5 6 7 8 10 12 14 16 | 16.0
Dodging        | 6 10 13 17 20 | 20.0
Stealth        | 6 10 | 10.0
Fighting       | 4 7 10 12 | 12.5
Evocations     | 10 12 15 | 15.0

Action                   |  1- 3 |  4- 6 |  7- 9 | 10-12 | 13-15 || total
-------------------------+-------+-------+-------+-------+-------++-------
 Fire: Hunting sling     |    95 |   249 |   537 |  1375 |  2611 ||  4867
Throw: Throwing net      |       |       |       |       |     1 ||     1
Evoke: Wand              |       |       |       |     2 |    35 ||    37
       Phantom mirror    |       |       |       |       |     2 ||     2
  Use: Scroll            |       |       |       |    23 |     6 ||    29
       Potion            |       |       |       |       |     1 ||     1
Armor: Robe              |       |     1 |     7 |     3 |       ||    11
       Steam dragon scal |       |       |       |    20 |    66 ||    86
Dodge: Dodged            |    12 |    58 |    85 |   381 |  1223 ||  1759

Table legend: (Time is in decaauts)
 A = Elapsed time spent in this place.
 B = Non-inter-level travel time spent in this place.
 C = Inter-level travel time spent in this place.
 D = Time resting spent in this place.
 E = Time spent auto-exploring this place.
 F = Levels seen in this place.
 G = Mean time per level.
                   A        B        C        D        E       F      G
               +--------+--------+--------+--------+--------+-----+--------+
         Total |  21594 |  20496 |   1098 |   2770 |  10408 |  26 |  830.5 |
       Dungeon |  12067 |  11548 |    519 |   2027 |   6556 |  13 |  928.2 |
          Lair |   6739 |   6217 |    522 |    475 |   2920 |   6 | 1123.2 |
        Shoals |    894 |    879 |     15 |     86 |    350 |   2 |  447.0 |
   Spider Nest |      1 |      1 |      0 |      0 |      0 |   1 |    1.0 |
  Orcish Mines |   1491 |   1451 |     40 |    124 |    563 |   2 |  745.5 |
      Ice Cave |     80 |     80 |      0 |     18 |      0 |   1 |   80.0 |
       Volcano |    318 |    318 |      0 |     39 |     17 |   1 |  318.0 |
               +--------+--------+--------+--------+--------+-----+--------+

Top non-repeatable levels by time:
     D:4: 2246 daAuts
  Lair:6: 2068 daAuts
     D:6: 1643 daAuts
  Lair:5: 1489 daAuts
     D:8: 1385 daAuts
    D:11: 1356 daAuts
   Orc:2: 1058 daAuts
  Lair:2: 1027 daAuts
     D:9: 988 daAuts
  Lair:4: 807 daAuts
Shoals:1: 753 daAuts
    D:10: 708 daAuts
  Lair:3: 706 daAuts
     D:1: 706 daAuts
     D:7: 658 daAuts
